 Dungeon Crawl Stone Soup version 0.31-a0-846-gb3bcc0d938 (webtiles) character file.

Game seed: 5580732083721178934

5310 IndexError the Geomancer (level 10, -2/50 HPs)
             Began as a Gargoyle Earth Elementalist on Oct 4, 2023.
             Was a Believer of Vehumet.
             Slain by a boulder beetle (38 damage)
             ... on level 9 of the Dungeon.
             The game lasted 00:12:29 (8520 turns).

IndexError the Geomancer (GrEE)                     Turns: 8520, Time: 00:12:30

Health: -2/50      AC: 18    Str: 12    XL:     10   Next: 64%
Magic:  22/24      EV: 11    Int: 26    God:    Vehumet [**....]
Gold:   557        SH:  0    Dex: 10    Spells: 21/29 levels left

rFire   . . .        A - +1 whip (elec)
rCold   . . .        M - orb {*channel}
rNeg    + . .        O - +0 steam dragon scales
rPois   ∞            (no helmet)
rElec   +            s - +2 cloak {Will+}
rCorr   .            (no gloves)
SInv    .            y - +2 pair of boots
Will    +....        N - amulet of regeneration {+regen, !d}
Stlth   ++           C - +4 ring of slaying
HPRegen 1.08/turn    u - +6 ring of intelligence
MPRegen 0.19/turn

%: channel magic (20%)
@: no status effects
A: sickness immunity, AC +7, negative energy resistance 1, electricity
resistance, torment resistance 1, petrification resistance
a: Renounce Religion


You were on level 9 of the Dungeon.
You worshipped Vehumet.
Vehumet was pleased with you.
You visited 2 branches of the dungeon, and saw 10 of its levels.
You also visited: Sewer.

You collected 577 gold pieces.
You spent 20 gold pieces at shops.

Inventory:

Hand Weapons
 n - a +2 dagger of venom
   (You took it off a goblin on level 1 of the Dungeon)
 A - a +1 whip of electrocution (weapon)
   (You took it off Pikel on level 4 of the Dungeon)
Missiles
 p - 7 curare-tipped darts
 B - 2 throwing nets {=f, !d}
 F - 22 poisoned darts
Armour
 s - a +2 cloak of willpower (worn)
   (You took it off Crazy Yiuf on level 2 of the Dungeon)
 y - a +2 pair of boots (worn)
   (You found it on level 4 of the Dungeon)
 M - an orb of energy (worn)
   (You took it off Jeremiah on level 7 of the Dungeon)
 O - +0 steam dragon scales (worn)
   (You found it on level 8 of the Dungeon)
Magical Staves
 f - a staff of death {rN+}
   (You found it on level 1 of the Dungeon)
Jewellery
 a - a ring of wizardry {Wiz+, !d}
   (You found it on level 9 of the Dungeon)
 u - a +6 ring of intelligence (right hand)
   (You found it on level 3 of the Dungeon)
 C - a +4 ring of slaying (left hand)
   (You found it on level 5 of the Dungeon)
 G - a ring of ice {rC+, rF-}
   (You found it on level 5 of the Dungeon)
 H - the ring "Arecaoxt" {Fire Int+2}
   (You found it on level 6 of the Dungeon)

   [ring of fire]

   Fire:      It enhances your fire magic.
   Int+2:     It affects your intelligence (+2).
   rF+:       It protects you from fire.
   rC-:       It makes you vulnerable to cold.
 N - an amulet of regeneration (around neck) {+regen, !d}
   (You found it on level 8 of the Dungeon)
Wands
 w - a wand of iceblast (11)
   (You found it on level 4 of the Dungeon)
Scrolls
 c - a scroll of amnesia
 d - 3 scrolls of teleportation {unknown}
 e - 2 scrolls of fear
 j - 5 scrolls of revelation {unknown}
 r - 2 scrolls of immolation {unknown}
 v - a scroll of vulnerability {!r!r}
 z - 3 scrolls of fog {unknown}
 K - 2 scrolls of blinking {unknown}
 L - a scroll of brand weapon
Potions
 b - 2 potions of magic
 g - 9 potions of curing {unknown}
 h - 2 potions of brilliance {unknown}
 l - 2 potions of mutation {unknown}
 m - 5 potions of lignification {unknown}
 o - 2 potions of degeneration {unknown}
 t - 3 potions of resistance {unknown}
 x - a potion of enlightenment {unknown}
 D - 2 potions of might {unknown}
 E - a potion of haste {unknown}
 J - a potion of cancellation {unknown}


   Skills:
 - Level 1.5 Dodging
 - Level 2.1 Stealth
 - Level 10.0 Spellcasting
 + Level 8.8 Conjurations
 - Level 0.7 Transmutations
 - Level 10.1 Earth Magic


You had 21 spell levels left.
You knew the following spells:

 Your Spells              Type           Power      Damage    Failure   Level
a - Sandblast             Erth           100%       2d20      1%          1
b - Brom's Barrelling Bo  Conj/Erth      58%        2d7       4%          4
x - Stone Arrow           Conj/Erth      100%       3d13      2%          3

Your spell library contained the following spells:

 Spells                   Type           Power      Damage    Failure   Level
 Inner Flame              Hex/Fire       13%        N/A       32%         3
 Magic Dart               Conj           100%       1d8       1%          1
 Passwall                 Tmut/Erth      34%        N/A       4%          2
 Mephitic Cloud           Conj/Pois/Air  28%        N/A       13%         3
 Petrify                  Tmut/Erth      41%        N/A       14%         4
 Call Imp                 Summ           26%        N/A       19%         2
 Irradiate                Conj/Tmut      18%        3d17      38%         5
 Sublimation of Blood     Necr           Unusable   N/A       N/A         2

Dungeon Overview and Level Annotations

Branches:
Dungeon (9/15)             Temple (1/1) D:5            Lair (0/5) D:8
  Sewer (visited)
    Orc: D:9-12

Altars:
Ashenzari
Cheibriados
Dithmenos
Elyvilon
Fedhas
Gozag
Hepliaklqana
Kikubaaqudgha
Makhleb
Nemelex Xobeh
Okawaru
Qazlal
Ru
Sif Muna
Trog
Uskayaw
Vehumet
Wu Jian
Xom
Yredelemnul
Zin
The Shining One

Shops:
D:3 *


Innate Abilities, Weirdness & Mutations

You are immune to sickness and miasma.
Your stone body is resilient. (AC +7)
You are immune to poison.
You resist negative energy. (rN+)
You are resistant to electric shocks. (rElec)
You are resistant to unholy torment.
You are immune to petrification.


Message History

The boulder beetle leaps!
The boulder beetle moves out of view.
There is an open door here.
The killer bee buzzes angrily.
You hear an angry buzzing noise. x2
A killer bee comes into view. x2
An orc priest comes into view. It is wielding a +0 trident.
The blast of sand hits the killer bee!
A killer bee comes into view.
The killer bee closely misses you.
A killer bee comes into view.
The killer bee closely misses you.
A killer bee comes into view.
You now have 23/24 mp.
The blast of sand hits the killer bee!!
Vehumet accepts your kill.
The killer bee buzzes angrily. x3
Magical energy flows into your mind!
You hear an angry buzzing noise.
You hear a shout!
A killer bee comes into view.
The killer bee barely misses you.
An orc priest comes into view. It is wielding a +0 flail.
A killer bee comes into view.
The killer bee stings you but does no damage.
The killer bee closely misses you. x2
The blast of sand misses the killer bee.
The orc priest shouts!
The killer bee closely misses you. x2
A killer bee comes into view.
The killer bee stings you but does no damage.
A killer bee comes into view.
The killer bee stings you but does no damage.
The killer bee closely misses you.
The killer bee stings you but does no damage.
An orc priest comes into view. It is wielding a +0 morningstar.
The killer bee completely misses you.
You now have 22/24 mp.
The air fills with toxic fumes!
As you read the scroll of poison, it crumbles to dust.
The orc priest shouts!
The killer bee buzzes angrily.
You hear a shout!
You hear a howl!
The killer bee stings you but does no damage.
The killer bee closely misses you.
The killer bee stings you but does no damage. x3
The blast of sand hits the killer bee.
The killer bee stings you.
The killer bee stings you but does no damage.
The killer bee closely misses you.
The boulder beetle is engulfed in poison gas.
The boulder beetle is poisoned.
The killer bee barely misses you.
The boulder beetle is engulfed in poison gas.
The boulder beetle looks even sicker.
The killer bee stings you but does no damage. x2
You take 2 damage, and have 48/50 hp.
You now have 22/24 mp.
The blast of sand misses the killer bee.
The killer bee misses you. The killer bee closely misses you.
The killer bee misses you. The killer bee barely misses you.
The killer bee stings you but does no damage. x2
The boulder beetle is engulfed in poison gas.
The boulder beetle looks even sicker.
The killer bee stings you but does no damage. x2
The killer bee closely misses you.
Health restored: 50 You now have 21/24 mp.
The blast of sand hits the killer bee!
Vehumet accepts your kill.
The killer bee stings you but does no damage. x2
The killer bee stings you.
The killer bee stings you but does no damage.
The killer bee stings you.
The boulder beetle is engulfed in poison gas.
The boulder beetle looks as sick as possible!
The orc priest looks braver for a moment.
The killer bee closely misses you.
The boulder beetle is engulfed in poison gas.
The boulder beetle looks as sick as possible!
The boulder beetle curls into a ball and begins rolling!
The killer bee stings you but does no damage.
The killer bee stings you.
You take 12 damage, and have 38/50 hp.
MASSIVE DAMAGE!!
The blast of sand misses the killer bee.
Magical energy flows into your mind! The killer bee barely misses you.
The killer bee stings you but does no damage.
The killer bee stings you. x2
The killer bee stings you but does no damage.
The killer bee misses you.
The boulder beetle is engulfed in poison gas.
The boulder beetle looks as sick as possible!
The orc priest casts a cantrip, but nothing happens.
The orc priest miscasts a cantrip.
The killer bee stings you but does no damage. x2
The killer bee barely misses you.
The boulder beetle is engulfed in poison gas.
The boulder beetle looks as sick as possible!
You take 3 damage, and have 35/50 hp.
The blast of sand hits the killer bee!
Vehumet accepts your kill.
You feel your power returning. Magical energy flows into your mind!
The killer bee closely misses you. The killer bee stings you.
The killer bee stings you but does no damage.
The killer bee barely misses you. The boulder beetle hits you!!!
Ouch! That really hurt!
You die...

...............
............... #
#+####.............. §
#§#§§.§#..............
§☼+§#§§.§#..............
§§☼§§§☼.§#....§....>....
§§§○☼§§.§#..☼§§# ######
☼y§§§§B#§#☼§§§§# ......
§§§§§○y@☼☼☼☼☼§☼# ......
§§§○.§y##+#§#§§# ......
§§y§§yy.....#..# ......
§§§§o§§.....#..# ......
§o§y☼☼§.....#..#########
o§§##§§.....#...........
☼§§ #§§.....#...........
☼§ ☼§§.....#.....######
........####..#.....


You could see a boulder beetle (rolling, extremely poisoned), 7 killer bees and
3 orc priests.

Vanquished Creatures
  Pikel (D:4)
  Jeremiah (D:7)
  2 trolls (D:8)
  2 steam dragons (D:8)
  A water moccasin (D:5)
  An ice beast (D:6)
  An orc warrior (D:6)
  A black bear (D:6)
  3 wolves (D:8)
  A centaur (D:5)
  2 phantoms
  4 kobold brigands (Sewer)
  5 bullfrogs
  3 scorpions
  8 wights (D:7)
  6 killer bees
  2 electric eels (D:8)
  2 vampire bats (D:7)
  5 howler monkeys (D:8)
  A jelly (D:7)
  5 orc priests
  Crazy Yiuf (D:2)
  9 hounds
  9 orc wizards
  Natasha (thrice) (D:3)
  2 iguanas
  A mummy (D:7)
  7 gnolls
  14 adders
  5 river rats
  3 shadow imps
  A white imp (D:7)
  An ufetubus (D:7)
  A worm (D:5)
  2 dart slugs (D:2)
  25 orcs
  12 ball pythons
  5 bats
  3 bat skeletons (D:7)
  A bat zombie (D:7)
  13 endoplasms
  2 giant cockroaches
  10 goblins
  11 hobgoblins
  6 jackals
  A quokka (D:2)
  3 frilled lizards
  16 kobolds
  11 rats
235 creatures vanquished.

Vanquished Creatures (others)
  A bullfrog (D:7)
  2 hounds (D:7)
3 creatures vanquished.

Grand Total: 238 creatures vanquished

Notes
Turn   | Place    | Note
-------+----------+-------------------------------------------
     0 | D:1      | IndexError the Gargoyle Earth Elementalist began the quest
                  | for the Orb.
     0 | D:1      | Reached XP level 1. HP: 10/10 MP: 3/3
   212 | D:1      | Reached skill level 4 in Earth Magic
   212 | D:1      | Reached XP level 2. HP: 15/15 MP: 3/5
   996 | D:2      | Reached XP level 3. HP: 19/19 MP: 4/6
  1286 | D:2      | Found an iron altar of Okawaru.
  1596 | D:2      | Found a runed translucent door.
  1597 | D:2      | Noticed Crazy Yiuf
  1982 | D:2      | Reached skill level 3 in Spellcasting
  1982 | D:2      | Reached XP level 4. HP: 24/24 MP: 6/8
  2123 | D:2      | Killed Crazy Yiuf
  2124 | D:2      | Reached skill level 5 in Earth Magic
  2388 | D:3      | Reached XP level 5. HP: 28/28 MP: 2/10
  2539 | D:3      | Noticed Natasha
  2541 | D:3      | Killed Natasha
  2591 | D:3      | Noticed Natasha
  2599 | D:3      | Killed Natasha
  2600 | D:3      | Reached skill level 4 in Spellcasting
  2620 | D:3      | Noticed Natasha
  2624 | D:3      | Killed Natasha
  2625 | D:3      | Reached skill level 6 in Earth Magic
  2661 | D:3      | Reached XP level 6. HP: 32/32 MP: 10/12
  2782 | D:3      | Found Ciuxeuk's General Store.
  2793 | D:3      | Bought a scroll of identify for 20 gold pieces
  3712 | D:4      | Noticed Pikel
  3727 | D:4      | Killed Pikel
  3728 | D:4      | Reached skill level 5 in Spellcasting
  3728 | D:4      | Reached skill level 8 in Earth Magic
  3728 | D:4      | Reached XP level 7. HP: 21/36 MP: 4/15
  3956 | D:4      | Identified the +1 pair of boots "Acukhem Qeig" {Str+2}
  3970 | D:4      | Found a shimmering blue altar of Sif Muna.
  3979 | D:4      | Found a white marble altar of Elyvilon.
  4073 | D:4      | Reached XP level 8. HP: 41/41 MP: 14/16
  4178 | D:5      | Entered Level 5 of the Dungeon
  4245 | D:5      | Reached skill level 6 in Spellcasting
  4321 | D:5      | Reached skill level 9 in Earth Magic
  4394 | D:5      | Found a glowing drain.
  4401 | Sewer    | Entered a sewer
  4611 | Sewer    | Reached skill level 7 in Spellcasting
  5117 | D:5      | Found a staircase to the Ecumenical Temple.
  5128 | Temple   | Entered the Ecumenical Temple
  5150 | Temple   | Became a worshipper of Vehumet
  5184 | D:5      | Reached skill level 10 in Earth Magic
  5431 | D:5      | Reached XP level 9. HP: 33/45 MP: 16/20
  5486 | D:5      | Learned a level 3 spell: Stone Arrow
  5491 | D:5      | Learned a level 4 spell: Brom's Barrelling Boulder
  5529 | D:6      | Reached skill level 1 in Conjurations
  5549 | D:6      | Reached skill level 2 in Conjurations
  5655 | D:6      | Reached skill level 8 in Spellcasting
  5658 | D:6      | Reached * piety under Vehumet
  5658 | D:6      | Offered knowledge of Shock by Vehumet.
  5659 | D:6      | Reached skill level 3 in Conjurations
  5893 | D:6      | Identified the ring "Arecaoxt" {Fire Int+2}
  5912 | D:6      | Reached skill level 4 in Conjurations
  6299 | D:7      | Found a snail-covered altar of Cheibriados.
  6347 | D:7      | Found a shimmering altar of Xom.
  6357 | D:7      | Reached skill level 5 in Conjurations
  6509 | D:7      | Noticed Jeremiah
  6532 | D:7      | Killed Jeremiah
  6533 | D:7      | Reached skill level 9 in Spellcasting
  6582 | D:7      | Reached skill level 6 in Conjurations
  6582 | D:7      | Reached XP level 10. HP: 43/50 MP: 20/23
  6584 | D:7      | Offered knowledge of Poisonous Vapours by Vehumet.
  6585 | D:7      | Reached ** piety under Vehumet
  6734 | D:7      | Found an ancient bone altar of Kikubaaqudgha.
  7593 | D:8      | Reached skill level 7 in Conjurations
  7795 | D:8      | Reached skill level 10 in Spellcasting
  7806 | D:8      | Reached skill level 8 in Conjurations
  7843 | D:8      | Found a staircase to the Lair.
  8258 | D:8      | Offered knowledge of Inner Flame by Vehumet.
  8459 | D:9      | Found a glowing golden altar of the Shining One.
  8510 | D:9      | Noticed a boulder beetle
  8520 | D:9      | Slain by a boulder beetle

Illustrated notes

Levels and vault maps discovered:
D:1:      dpeg_arrival_three_same_balls, layout_loops_ring, minmay_tromino_v2
D:2:      layout_loops_cross, serial_rivers, chequers_serial_rivers_micro_d,
          chequers_serial_rivers_micro_c, chequers_serial_rivers_micro_c,
          chequers_serial_rivers_room_a, chequers_serial_rivers_room_b,
          basic_altar, nicolae_kite_square_tiling_tiny, minmay_puff,
          uniq_crazy_yiuf_cottage
D:3:      minmay_diamond_boxcup, layout_loops_cross, serial_shops,
          nicolae_shop_rolling_square, uniq_natasha
D:4:      layout_loops_ring, mainiacjoe_overflow_swirl, uniq_pikel
D:5:      layout_loops_ring, minmay_temple_entry_tees, lightli_sewer_entry_pipes
D:6:      layout_cave_pools
D:7:      layout_gridville, slow_altar_1, xom_confusion_cloud,
          kennysheep_vampire_church, feat_on_display, uniq_jeremiah
D:8:      layout_basic, erik_lair_island, glass_columns_a,
          minmay_parallelograms, nicolae_underground_beach
D:9:      layout_irregular_city, nicolae_tso_swordbearing_angel, erik_orc_4
Temple:   kb_temple_of_zot

Skill      XL: |  1  2  3  4  5  6  7  8  9 10 |
---------------+-------------------------------+-----
Earth Magic    | 4 5 6 8 10 | 10.1
Spellcasting   | 3 4 5 7 9 10 | 10.0
Conjurations   | 6 8 |  8.8
Dodging        | |  1.5
Stealth        | |  2.1
Transmutations | |  0.7

Action                     |  1- 3 |  4- 6 |  7- 9 | 10-12 || total
---------------------------+-------+-------+-------+-------++-------
  Melee: Short sword       |     3 |       |       |       ||     3
         Dagger            |       |     1 |       |       ||     1
         Whip              |       |       |    23 |     2 ||    25
         Punch             |       |       |     1 |       ||     1
   Cast: Sandblast         |    53 |    82 |   140 |    83 ||   358
    Use: Scroll            |       |       |       |     9 ||     9
   Stab: Sleeping          |       |       |       |     1 ||     1
 Armour: Robe              |    19 |    28 |    41 |    48 ||   136
         Steam dragon scal |       |       |       |    67 ||    67
  Dodge: Dodged            |    15 |    14 |    37 |    78 ||   144
         Form:             |     1 |       |       |       ||     1
         Flux              |     1 |       |       |       ||     1

Table legend: (Time is in decaauts)
 A = Elapsed time spent in this place.
 B = Non-inter-level travel time spent in this place.
 C = Inter-level travel time spent in this place.
 D = Time resting spent in this place.
 E = Time spent auto-exploring this place.
 F = Levels seen in this place.
 G = Mean time per level.
                   A        B        C        D        E       F      G
               +--------+--------+--------+--------+--------+-----+--------+
         Total |   8814 |   8295 |    519 |      0 |   6754 |  11 |  801.3 |
       Dungeon |   8190 |   7713 |    477 |      0 |   6330 |   9 |  910.0 |
        Temple |     44 |      2 |     42 |      0 |      0 |   1 |   44.0 |
         Sewer |    579 |    579 |      0 |      0 |    424 |   1 |  579.0 |
               +--------+--------+--------+--------+--------+-----+--------+

Top non-repeatable levels by time:
     D:2: 1266 daAuts
     D:8: 1183 daAuts
     D:1: 1048 daAuts
     D:7: 1041 daAuts
     D:3: 998 daAuts
     D:4: 923 daAuts
     D:5: 880 daAuts
     D:6: 727 daAuts
   Sewer: 579 daAuts
     D:9: 121 daAuts
  Temple: 44 daAuts

Levels and vault maps discovered:
D:1:      dpeg_arrival_three_same_balls, layout_loops_ring, minmay_tromino_v2
D:2:      layout_loops_cross, serial_rivers, chequers_serial_rivers_micro_d,
          chequers_serial_rivers_micro_c, chequers_serial_rivers_micro_c,
          chequers_serial_rivers_room_a, chequers_serial_rivers_room_b,
          basic_altar, nicolae_kite_square_tiling_tiny, minmay_puff,
          uniq_crazy_yiuf_cottage
D:3:      minmay_diamond_boxcup, layout_loops_cross, serial_shops,
          nicolae_shop_rolling_square, uniq_natasha
D:4:      layout_loops_ring, mainiacjoe_overflow_swirl, uniq_pikel
D:5:      layout_loops_ring, minmay_temple_entry_tees, lightli_sewer_entry_pipes
D:6:      layout_cave_pools
D:7:      layout_gridville, slow_altar_1, xom_confusion_cloud,
          kennysheep_vampire_church, feat_on_display, uniq_jeremiah
D:8:      layout_basic, erik_lair_island, glass_columns_a,
          minmay_parallelograms, nicolae_underground_beach
D:9:      layout_irregular_city, nicolae_tso_swordbearing_angel, erik_orc_4
Temple:   kb_temple_of_zot

Table legend: (Time is in decaauts)
 A = Elapsed time spent in this place.
 B = Non-inter-level travel time spent in this place.
 C = Inter-level travel time spent in this place.
 D = Time resting spent in this place.
 E = Time spent auto-exploring this place.
 F = Levels seen in this place.
 G = Mean time per level.
                   A        B        C        D        E       F      G
               +--------+--------+--------+--------+--------+-----+--------+
         Total |   8814 |   8295 |    519 |      0 |   6754 |  11 |  801.3 |
       Dungeon |   8190 |   7713 |    477 |      0 |   6330 |   9 |  910.0 |
        Temple |     44 |      2 |     42 |      0 |      0 |   1 |   44.0 |
         Sewer |    579 |    579 |      0 |      0 |    424 |   1 |  579.0 |
               +--------+--------+--------+--------+--------+-----+--------+

Top non-repeatable levels by time:
     D:2: 1266 daAuts
     D:8: 1183 daAuts
     D:1: 1048 daAuts
     D:7: 1041 daAuts
     D:3: 998 daAuts
     D:4: 923 daAuts
     D:5: 880 daAuts
     D:6: 727 daAuts
   Sewer: 579 daAuts
     D:9: 121 daAuts
  Temple: 44 daAuts

Table legend:
 A = Kills in this place as a percentage of kills in the entire game.
 B = Kills by you in this place as a percentage of kills by you in the entire game.
 C = Kills by friends in this place as a percentage of kills by friends in the entire game.
 D = Other kills in this place as a percentage of other kills in the entire game.
 E = Experience gained in this place as a percentage of experience gained in the entire game.
 F = Experience gained in this place divided by the number of levels of this place that you have seen.
                   A       B       C       D       E      F
               +-------+-------+-------+-------+-------+----------------------
         Total | 100.0 | 100.0 |   N/A | 100.0 | 100.0 | 695.4
       Dungeon |  91.5 |  91.5 |   N/A | 100.0 |  93.6 | 795.3
         Sewer |   8.5 |   8.5 |   N/A |   0.0 |   6.4 | 491.0
               +-------+-------+-------+-------+-------+----------------------
